 Dungeon Crawl Stone Soup version 0.29-a0-617-g7a6b98fccd (webtiles) character file.

Game seed: 9876749538846397101

229 frimble the Bolt Thrower (level 6, -4/53 HPs)
             Began as a Gnoll Wanderer on June 17, 2022.
             Slain by an ice beast (10 damage)
             ... on level 5 of the Dungeon.
             The game lasted 00:03:50 (3028 turns).

frimble the Bolt Thrower (Gnoll Wanderer)           Turns: 3028, Time: 00:03:50

Health: -4/53      AC:  5    Str: 23    XL:     6   Next: 3%
Magic:  13/13      EV: 12    Int: 16    God:
Gold:   167        SH:  0    Dex:  9    Spells: 12/15 levels left

rFire   . . .      SeeInvis .   a - +3 hand crossbow
rCold   . . .      Faith    .   (no shield)
rNeg    . . .      Spirit   .   k - +1 robe "Zimnosun" {Slay+3}
rPois   .          Reflect  .   i - +1 hat
rElec   .          Harm     .   (no cloak)
rCorr   .          Rampage  .   (no gloves)
Will    .....                   d - +0 pair of boots
Stlth   ++........              (no amulet)
HPRegen 0.17/turn               g - +6 ring of strength
MPRegen 0.13/turn               l - +6 ring of strength

@: no status effects
A: fangs 1, strong nose, distributed training
a: no special abilities


You were on level 5 of the Dungeon.
You visited 1 branch of the dungeon, and saw 5 of its levels.

You collected 167 gold pieces.

Inventory:

Hand Weapons
 a - a +3 hand crossbow (weapon)
Armour
 c - a +0 robe
 d - a +0 pair of boots (worn)
 i - a +1 hat (worn)
 k - the +1 robe "Zimnosun" (worn) {Slay+3}
   (You found it on level 2 of the Dungeon)

   Slay:      It affects your accuracy & damage with ranged weapons and melee
   (+3).
Jewellery
 e - a ring of resist corrosion
 g - a +6 ring of strength (left hand)
 l - a +6 ring of strength (right hand)
Wands
 r - a wand of flame (20)
Potions
 b - 2 potions of might
 f - a potion of brilliance
 h - a potion of magic {unknown}
 j - 3 potions of curing {unknown}
 m - a potion of lignification {unknown}
 n - 2 potions of cancellation {unknown}
 o - a potion of berserk rage {unknown}
 p - a potion of degeneration {unknown}


   Skills:
 + Level 6.7 Fighting
 + Level 1.7 Short Blades
 + Level 1.7 Long Blades
 + Level 1.7 Axes
 + Level 1.7 Maces & Flails
 + Level 1.7 Polearms
 + Level 1.7 Staves
 + Level 1.7 Slings
 + Level 1.7 Bows
 + Level 6.7 Crossbows
 + Level 1.7 Throwing
 + Level 3.1 Armour
 + Level 1.7 Dodging
 + Level 1.7 Stealth
 + Level 1.7 Shields
 + Level 1.7 Unarmed Combat
 + Level 5.3 Spellcasting
 + Level 1.3 Conjurations
 + Level 1.3 Hexes
 + Level 1.3 Summonings
 + Level 1.3 Necromancy
 + Level 1.3 Translocations
 + Level 1.3 Transmutations
 + Level 1.3 Fire Magic
 + Level 2.5 Ice Magic
 + Level 1.3 Air Magic
 + Level 1.3 Earth Magic
 + Level 1.3 Poison Magic
 + Level 2.0 Invocations
 + Level 1.7 Evocations


You had 12 spell levels left.
You knew the following spells:

 Your Spells              Type           Power      Damage    Failure   Level
b - Frozen Ramparts       Ice            24%        1d4       16%         3

Your spell library contained the following spells:

 Spells                   Type           Power      Damage    Failure   Level
 Freeze                   Ice            48%        1d7       5%          1
 Magic Dart               Conj           32%        1d4       9%          1
 Call Imp                 Summ           8%         N/A       13%         2
 Gell's Gravitas          Tloc           8%         N/A       26%         3
 Lesser Beckoning         Tloc           8%         N/A       26%         3
 Mephitic Cloud           Conj/Pois/Air  8%         N/A       26%         3
 Teleport Other           Tloc           8%         N/A       26%         3


Dungeon Overview and Level Annotations

Branches:
Dungeon (5/15)             Temple (0/1) D:4

Altars:
Zin

Shops:
D:4 *

Annotations:
D:4 Dowan, Duvessa


Innate Abilities, Weirdness & Mutations

You have very sharp teeth.
Your uncanny sense of smell can sniff out nearby items.
Your experience applies equally to all skills.


Message History

Aim: an ice beast (moderately wounded, 69% to hit)
You shoot a bolt. The bolt barely misses the ice beast.
The ice beast barely misses you.
Shoot: a) +3 hand crossbow
Press: ? - help, Q - select action, (/) - cycle Shift-Dir - straight line, f/p - ice beast
Aim: an ice beast (moderately wounded, 69% to hit)
You shoot a bolt. The bolt closely misses the ice beast.
The ice beast closely misses you.
Shoot: a) +3 hand crossbow
Press: ? - help, Q - select action, (/) - cycle Shift-Dir - straight line, f/p - ice beast
Aim: an ice beast (moderately wounded, 69% to hit)
You shoot a bolt. The bolt barely misses the ice beast.
The ice beast barely misses you.
Shoot: a) +3 hand crossbow
Press: ? - help, Q - select action, (/) - cycle Shift-Dir - straight line, f/p - ice beast
Aim: an ice beast (moderately wounded, 69% to hit)
You shoot a bolt. The bolt closely misses the ice beast.
The ice beast hits you. The ice beast freezes you!
The ice beast barely misses you.
Shoot: a) +3 hand crossbow
Press: ? - help, Q - select action, (/) - cycle Shift-Dir - straight line, f/p - ice beast
Aim: an ice beast (moderately wounded, 69% to hit)
You shoot a bolt. The bolt hits the ice beast.
The ice beast is moderately wounded.
The ice beast hits you. The ice beast freezes you!
* * * LOW HITPOINT WARNING * * *
Shoot: a) +3 hand crossbow
Press: ? - help, Q - select action, (/) - cycle Shift-Dir - straight line, f/p - ice beast
Aim: an ice beast (moderately wounded, 69% to hit)
You shoot a bolt. The bolt barely misses the ice beast.
The ice beast barely misses you.
Okay, then.
You aren't carrying any scrolls.
Aiming: Throw Flame
Press: ? - help, Shift-Dir - straight line, f/p - ice beast
Aim: an ice beast (moderately wounded, 71% to hit)
The puff of flame misses the ice beast.
The ice beast hits you.
* * * LOW HITPOINT WARNING * * *
The ice beast freezes you!
You die...

#<....#
#.# #.##
##...##
#.# #.#
##.##
#.####.#
#.#
#......#
#†#
########
#.# #.###
#.Y.#
#@#.#
#†.......
#)#######
>.# ..#
.... ∆
...#
##..#


You could see an ice beast.

Vanquished Creatures
  Jessica (D:2)
  Terence (D:2)
  An iguana (D:5)
  Robin (D:2)
  6 adders
  A white imp (D:3)
  An ufetubus (D:5)
  3 dart slugs (D:1)
  2 orcs
  2 endoplasms
  A giant cockroach (D:1)
  12 goblins
  7 hobgoblins
  6 quokkas
  6 ball pythons
  A bat (D:1)
  7 frilled lizards
  7 kobolds
  8 rats
74 creatures vanquished.

Vanquished Creatures (others)
  22 plants
22 creatures vanquished.

Grand Total: 96 creatures vanquished

Notes
Turn   | Place    | Note
-------+----------+-------------------------------------------
     0 | D:1      | frimble the Gnoll Wanderer began the quest for the Orb.
     0 | D:1      | frimble set off with the following items: a +3 hand
                  | crossbow, a potion of might, a +0 robe; and the following
                  | spell memorised: Freeze; and the following spells available
                  | to memorise: Frozen Ramparts.
     0 | D:1      | Reached XP level 1. HP: 23/23 MP: 6/6
   175 | D:1      | Reached XP level 2. HP: 29/29 MP: 7/7
   470 | D:1      | Reached XP level 3. HP: 35/35 MP: 9/9
   603 | D:1      | Reached skill level 5 in Spellcasting
  1093 | D:2      | Noticed Terence
  1103 | D:2      | Killed Terence
  1104 | D:2      | Reached skill level 1 in Short Blades
  1104 | D:2      | Reached skill level 1 in Long Blades
  1104 | D:2      | Reached skill level 1 in Axes
  1104 | D:2      | Reached skill level 1 in Maces & Flails
  1104 | D:2      | Reached skill level 1 in Polearms
  1104 | D:2      | Reached skill level 1 in Staves
  1104 | D:2      | Reached skill level 1 in Slings
  1104 | D:2      | Reached skill level 1 in Bows
  1104 | D:2      | Reached skill level 1 in Throwing
  1104 | D:2      | Reached skill level 1 in Dodging
  1104 | D:2      | Reached skill level 1 in Stealth
  1104 | D:2      | Reached skill level 1 in Shields
  1104 | D:2      | Reached skill level 1 in Unarmed Combat
  1104 | D:2      | Reached skill level 1 in Invocations
  1104 | D:2      | Reached skill level 1 in Evocations
  1119 | D:2      | Identified the +1 robe "Zimnosun" {Slay+3}
  1500 | D:2      | Reached XP level 4. HP: 41/41 MP: 11/11
  1511 | D:2      | Noticed Jessica
  1514 | D:2      | Killed Jessica
  1781 | D:2      | Reached skill level 1 in Conjurations
  1781 | D:2      | Reached skill level 1 in Hexes
  1781 | D:2      | Reached skill level 1 in Summonings
  1781 | D:2      | Reached skill level 1 in Necromancy
  1781 | D:2      | Reached skill level 1 in Translocations
  1781 | D:2      | Reached skill level 1 in Transmutations
  1781 | D:2      | Reached skill level 1 in Fire Magic
  1781 | D:2      | Reached skill level 1 in Air Magic
  1781 | D:2      | Reached skill level 1 in Earth Magic
  1781 | D:2      | Reached skill level 1 in Poison Magic
  1817 | D:2      | Noticed Robin
  1828 | D:2      | Killed Robin
  1831 | D:2      | Reached XP level 5. HP: 28/47 MP: 12/12
  2001 | D:2      | Found a faded altar of an unknown god.
  2028 | D:2      | Learned a level 3 spell: Frozen Ramparts
  2631 | D:4      | Found Zin's Purification Station.
  2638 | D:4      | Found a glowing silver altar of Zin.
  2686 | D:4      | Noticed Duvessa
  2686 | D:4      | Noticed Dowan
  2692 | D:4      | Found a staircase to the Ecumenical Temple.
  2699 | D:5      | Entered Level 5 of the Dungeon
  3017 | D:5      | Noticed an ice beast
  3021 | D:5      | Reached XP level 6. HP: 35/53 MP: 13/13
  3028 | D:5      | Slain by an ice beast

Illustrated notes

Levels and vault maps discovered:
D:1:      matt_arrival_grand_opening, layout_basic, serial_forest,
          infiniplex_forest_straight_2, infiniplex_forest_clump_long,
          infiniplex_forest_corner_1, infiniplex_forest_lined_corner,
          infiniplex_forest_clump_curved, infiniplex_forest_straight_4,
          infiniplex_forest_clump_small, minmay_lizard_king
D:2:      layout_basic, shapermc_ecumenical_altar_notcrosses,
          supply_closet_lemuel, minmay_misc_feat_columns, uniq_jessica,
          uniq_robin, uniq_terence
D:3:      layout_rooms, serial_bayou_lake_a
D:4:      layout_loops_ring, zin_purify, minmay_temple_entry_junction_2,
          gammafunk_ghost_stat_death, uniq_duvessa
D:5:      layout_loops_corners, minmay_checkerbox

Skill      XL: |  1  2  3  4  5 |
---------------+----------------+-----
Ice Magic      | 2 |  2.5
Spellcasting   | 5 |  5.3
Short Blades   | 1 |  1.7
Long Blades    | 1 |  1.7
Axes           | 1 |  1.7
Maces & Flails | 1 |  1.7
Polearms       | 1 |  1.7
Staves         | 1 |  1.7
Slings         | 1 |  1.7
Bows           | 1 |  1.7
Throwing       | 1 |  1.7
Dodging        | 1 |  1.7
Stealth        | 1 |  1.7
Shields        | 1 |  1.7
Unarmed Combat | 1 |  1.7
Invocations    | 1 2 |  2.0
Evocations     | 1 |  1.7
Conjurations   | 1 |  1.3
Hexes          | 1 |  1.3
Summonings     | 1 |  1.3
Necromancy     | 1 |  1.3
Translocations | 1 |  1.3
Transmutations | 1 |  1.3
Fire Magic     | 1 |  1.3
Air Magic      | 1 |  1.3
Earth Magic    | 1 |  1.3
Poison Magic   | 1 |  1.3
Armour         | 3 |  3.1
Fighting       | |  6.7
Crossbows      | |  6.7

Action                   |  1- 3 |  4- 6 || total
-------------------------+-------+-------++-------
 Fire: Hand crossbow     |    56 |   117 ||   173
 Cast: Freeze            |     5 |       ||     5
Evoke: Wand              |       |     1 ||     1
  Use: Scroll            |     2 |     5 ||     7
Armor: Robe              |     1 |    13 ||    14
Dodge: Dodged            |    10 |    24 ||    34

Table legend: (Time is in decaauts)
 A = Elapsed time spent in this place.
 B = Non-inter-level travel time spent in this place.
 C = Inter-level travel time spent in this place.
 D = Time resting spent in this place.
 E = Time spent auto-exploring this place.
 F = Levels seen in this place.
 G = Mean time per level.
                   A        B        C        D        E       F      G
               +--------+--------+--------+--------+--------+-----+--------+
         Total |   3105 |   2924 |    181 |    100 |   2425 |   5 |  621.0 |
       Dungeon |   3105 |   2924 |    181 |    100 |   2425 |   5 |  621.0 |
               +--------+--------+--------+--------+--------+-----+--------+

Top non-repeatable levels by time:
     D:2: 1247 daAuts
     D:1: 824 daAuts
     D:3: 630 daAuts
     D:5: 333 daAuts
     D:4: 69 daAuts
